 Dungeon Crawl Stone Soup version 0.25.0-9-g26727b657a (webtiles) character file.

Game seed: 9976561653852343153

1673 grindst0ne the Ducker (level 8, 0/76 HPs)
             Began as a Deep Dwarf Artificer on June 20, 2020.
             Slain by an orc warrior
             ... wielding a cursed -2 flail
              (9 damage)
             ... on level 6 of the Dungeon.
             The game lasted 00:15:46 (6745 turns).

grindst0ne the Ducker (Deep Dwarf Artificer)        Turns: 6745, Time: 00:15:47

Health: 0/76       AC: 11    Str: 18    XL:     8   Next: 70%
Magic:  16/16 (7)  EV: 10    Int: 20    God:
Gold:   300        SH:  5    Dex: 13    Spells: 7/7 levels left

rFire    x . .     SeeInvis .   e - +0 hand axe
rCold    + . .     Gourm    .   C - +0 buckler
rNeg     . . .     Faith    .   i - +0 chain mail
rPois    .         Spirit   .   (no helmet)
rElec    .         Reflect  .   D - +0 cloak (curse)
rCorr    .         Harm     .   (no gloves)
MR       +....                  (no boots)
Stlth    ..........             (no amulet)
HPRegen  0.00/turn              t - ring of magical power
MPRegen  0.15/turn              a - ring of Zarod {Ice Int+8}

@: non-regenerating
A: damage resistance, heal wounds, sense surroundings 1, no regeneration
a: Heal Wounds


You were on level 6 of the Dungeon.
You were not hungry.

You visited 1 branch of the dungeon, and saw 6 of its levels.
You also visited: Sewer.

You collected 300 gold pieces.

Inventory:

Hand Weapons
 e - a +0 hand axe (weapon)
Missiles
 p - 2 poisoned darts (quivered)
Armour
 b - a +0 plate armour
 i - a +0 chain mail (worn)
 C - a +0 buckler (worn)
 D - a cursed +0 cloak (worn)
Jewellery
 a - the ring of Zarod (right hand) {Ice Int+8}
   (You found it on level 4 of the Dungeon)

   [ring of ice]

   It enhances your ice magic.
   It affects your intelligence (+8).
   It makes you vulnerable to fire.
   It protects you from cold.
 t - a ring of magical power (left hand)
 F - an uncursed ring of resist corrosion {unknown}
Wands
 c - a wand of flame (3)
 d - a wand of enslavement (13)
 v - a wand of random effects (33)
Scrolls
 g - a scroll of amnesia {unknown}
 h - 2 scrolls of remove curse {unknown}
 k - 2 scrolls of noise {unknown}
 l - a scroll of identify
 n - 2 scrolls of immolation {unknown}
 s - 2 scrolls of enchant weapon
 w - a scroll of magic mapping {unknown}
 y - a scroll of fog {unknown}
 z - 5 scrolls of teleportation
 A - a scroll of blinking {unknown}
 E - 2 scrolls of random uselessness {unknown}
Potions
 j - 3 potions of stabbing
 o - 6 potions of flight
 q - a potion of degeneration
 r - a potion of ambrosia
 u - a potion of cancellation {unknown}
 x - a potion of invisibility {unknown}
 B - 2 potions of might
Comestibles
 f - 5 rations
 m - a chunk of flesh


   Skills:
 + Level 5.9 Fighting
   Level 0.8 Short Blades
 * Level 3.8 Axes
 * Level 5.3 Armour
 - Level 6.2 Dodging
 - Level 1.2 Stealth
 + Level 3.5 Shields
 - Level 4.0 Evocations


You had 7 spell levels left.
You didn't know any spells.
Your spell library contained the following spells:

 Spells                   Type           Power        Failure   Level  Hunger
 Shock                    Conj/Air       #...         93%         1    ##.....
 Swiftness                Chrm/Air       #.......     98%         2    ###....
 Static Discharge         Conj/Air       #.......     100%        3    ####...
 Airstrike                Air            #.........   100%        4    #####..
 Lightning Bolt           Conj/Air       #.........   100%        5    ######.


Dungeon Overview and Level Annotations

Branches:
Dungeon (6/15)              Sewer (visited)
 Temple: D:4-7

Altars:
Elyvilon
Gozag
Uskayaw
Xom

Shops:
D:3 *

Annotations:
D:3 2 transporters, dorian's ghost, weakling FeTm
D:5 exclusion: downstairs


Innate Abilities, Weirdness & Mutations

You are resistant to damage.
You can heal yourself by infusing magical energy.
You passively map a small area around you.
You do not regenerate.


Message History

The orc warrior is moderately wounded.
The orc warrior hits you with a cursed -2 flail!
You hit the orc warrior but do no damage.
The orc warrior is moderately wounded.
The orc warrior misses you.
You completely miss the orc warrior.
The orc warrior is heavily wounded.
You barely miss the orc.
The orc warrior hits you with a cursed -2 flail!
* * * LOW HITPOINT WARNING * * *
You block the orc's attack.
You closely miss the orc warrior.
The orc warrior is heavily wounded.
The orc warrior hits you with a cursed -2 flail!
* * * LOW HITPOINT WARNING * * *
You fail to use your ability.
The orc warrior hits you but does no damage.
You fail to use your ability.
The orc warrior hits you with a cursed -2 flail!
You die...

* * ((# ####### * , ,, ,
*,.(# ##.(...## * **#(#
##.......## * #(#
#.........# .#########.#
#.........# ,*
........##o######.........#
*
#######..o(o..............#
, ####o#####........รท<#
###@######.........# ,*
*#..................#
#..#####.##.........# *
*#.# #>##....[....# * ...*
#..#.........# *..#
##..#.......## ..#
##.##.....## * ##
#.######## , #.#


You could see an orc warrior (poisoned), an orc wizard and 2 orcs.

Vanquished Creatures
  Grinder (D:4)
  Duvessa (D:4)
  A sky beast (D:5)
  An ogre (D:5)
  A phantom (D:4)
  A centaur (D:5)
  A bullfrog (D:5)
  Dowan (D:4)
  A scorpion (D:5)
  A wyvern skeleton (D:6)
  A howler monkey (D:3)
  2 crimson imps (D:5)
  2 hounds (D:5)
  A jelly (D:6)
  2 orc priests (D:4)
  A bullfrog skeleton (D:5)
  5 orc wizards (D:4)
  A centaur skeleton (D:4)
  Crazy Yiuf (D:3)
  2 iguanas
  2 worker ants (D:4)
  4 gnolls (D:5)
  7 adders
  A shadow imp (D:5)
  6 oozes
  An adder skeleton (D:4)
  3 worms
  10 leopard geckos
  11 orcs
  9 giant cockroaches
  8 goblins
  6 hobgoblins
  6 jackals
  8 kobolds
  5 quokkas
  A ball python (Sewer)
  11 bats
  10 frilled lizards
  8 rats
145 creatures vanquished.

Vanquished Creatures (collateral kills)
  2 orcs (D:4)
2 creatures vanquished.

Vanquished Creatures (others)
  An orc (D:4)
1 creature vanquished.

Grand Total: 148 creatures vanquished

Notes
Turn   | Place    | Note
-------+----------+-------------------------------------------
     0 | D:1      | grindst0ne the Deep Dwarf Artificer began the quest for the
                  | Orb.
     0 | D:1      | Reached XP level 1. HP: 16/16 MP: 3/3
    33 | D:1      | Reached skill level 1 in Fighting
   206 | D:1      | Reached XP level 2. HP: 22/25 MP: 5/5
   787 | D:2      | Reached skill level 3 in Dodging
  1026 | D:2      | Reached XP level 3. HP: 19/32 MP: 6/6
  1475 | D:2      | Found a white marble altar of Elyvilon.
  2151 | D:3      | Reached XP level 4. HP: 18/40 MP: 7/7
  2159 | D:3      | Reached skill level 4 in Dodging
  2254 | D:3      | Found a glowing drain.
  2263 | Sewer    | Entered a sewer
  2292 | Sewer    | Reached XP level 5. HP: 26/49 MP: 8/8
  3300 | D:4      | Reached skill level 5 in Dodging
  3321 | D:4      | Reached XP level 6. HP: 23/57 MP: 8/8
  3535 | D:4      | Noticed Grinder
  3539 | D:4      | Paralysed by Grinder for 6 turns
  3561 | D:4      | Killed Grinder
  3561 | D:4      | Reached skill level 6 in Dodging
  3561 | D:4      | Reached XP level 7. HP: 30/66 MP: 8/8
  3812 | D:3      | Found a transporter.
  3890 | D:4      | Found a hide-covered altar of Uskayaw.
  3891 | D:4      | Noticed a +0 hand axe
  3892 | D:4      | Noticed a +0 hand axe
  3957 | D:4      | Reached skill level 1 in Armour
  4011 | D:4      | Got a slimy pewter ring
  4013 | D:4      | Identified the ring of Zarod {Ice Int+8} (You found it on
                  | level 4 of the Dungeon)
  4030 | D:4      | Reached skill level 5 in Fighting
  4068 | D:3      | Found an opulent altar of Gozag.
  4071 | D:3      | Found Gozag's Platinum Reserve.
  4165 | D:3      | Found a transporter.
  4165 | D:3      | Noticed dorian's ghost (weakling FeTm)
  4473 | D:3      | Found a runed translucent door.
  4474 | D:3      | Noticed Crazy Yiuf
  4571 | D:3      | Killed Crazy Yiuf
  4571 | D:3      | Reached skill level 1 in Shields
  4741 | D:4      | Noticed Duvessa
  4795 | D:4      | Killed Duvessa
  4803 | D:4      | Noticed Dowan
  4823 | D:4      | Killed Dowan
  5005 | D:4      | Found a shimmering altar of Xom.
  5253 | D:4      | Reached skill level 1 in Axes
  5448 | D:5      | Entered Level 5 of the Dungeon
  5546 | D:5      | Reached XP level 8. HP: 52/75 MP: 7/7
  6456 | D:5      | Reached skill level 5 in Armour
  6745 | D:6      | Slain by an orc warrior

Illustrated notes

Levels and vault maps discovered:
D:1:      lemuel_arrival_muddy, layout_loops_cross, hangedman_decor_riveting,
          wander_ebering_terrifying_dragon_lair
D:2:      layout_basic, nicolae_overflow_crystal_walls
D:3:      layout_basic, gammafunk_ghost_stat_death, serial_aquarium,
          aquarium_bridge_long_separate [aquarium_subvault_bridge,
          aquarium_subvault_bridge, aquarium_subvault_window,
          aquarium_subvault_bridge, aquarium_subvault_bridge,
          aquarium_subvault_wall], aquarium_window_corner, aquarium_window_2,
          aquarium_view_2f, aquarium_view_2c, aquarium_balcony_double_1,
          portal_sewer_entry_b, nicolae_gozag_zags_fifth_avenue,
          uniq_crazy_yiuf_cottage
D:4:      layout_cave_pods, dancing_weapons_uskayaw, xom_butterflies,
          first_ration, serial_rivers, chequers_serial_rivers_small_3,
          chequers_serial_rivers_micro_e, chequers_serial_rivers_micro_b,
          chequers_serial_rivers_micro_b, chequers_serial_rivers_small_b,
          chequers_serial_rivers_micro_e, minmay_misc_feat_square,
          grunt_tough_drop, uniq_grinder, uniq_duvessa
D:5:      layout_loops_corners, moated_statue
D:6:      layout_rooms, minmay_temple_entry_mist, gammafunk_ghost_necromancy

Skill      XL: |  1  2  3  4  5  6  7  8 |
---------------+-------------------------+-----
Fighting       | 1 2 3 4 5 |  5.9
Dodging        | 3 4 5 6 |  6.2
Armour         | 3 5 |  5.3
Shields        | 2 3 |  3.5
Axes           | 1 3 |  3.8
Short Blades   | |  0.8
Stealth        | |  1.2
Evocations     | |  4.0

Action                   |  1- 3 |  4- 6 |  7- 9 || total
-------------------------+-------+-------+-------++-------
Melee: Short sword       |   232 |   457 |    89 ||   778
       Hand axe          |       |       |   435 ||   435
Throw: Throwing net      |     1 |       |     1 ||     2
       Dart              |     2 |     7 |    14 ||    23
 Abil: Heal Wounds       |     1 |     8 |    13 ||    22
Evoke: Wand              |     3 |    27 |    12 ||    42
  Use: Potion            |       |     1 |     4 ||     5
       Scroll            |       |       |     3 ||     3
 Stab: Sleeping          |     1 |       |       ||     1
       Confused          |       |     2 |       ||     2
       Held in net/web   |       |       |     1 ||     1
  Eat: Chunk             |     3 |     4 |     8 ||    15
       Ration            |       |     1 |     1 ||     2
Armor: Leather armour    |    12 |       |       ||    12
       Chain mail        |   144 |   324 |   243 ||   711
Dodge: Dodged            |   122 |   202 |   214 ||   538
Block: Buckler           |       |    33 |    93 ||   126
